 Dungeon Crawl Stone Soup version 0.25-a0-528-g6b7c999 (webtiles) character file.

Game seed: 15634113013040901843, levelgen mode: deterministic

126 drc500free the Shooter (level 4, -2/54 HPs)
             Began as a Centaur Arcane Marksman on Feb 19, 2020.
             Slain by an ogre
             ... wielding a +0 giant club
              (5 damage)
             ... on level 6 of the Dungeon.
             The game lasted 00:11:52 (2492 turns).

drc500free the Shooter (Centaur Arcane Marksman)    Turns: 2492, Time: 00:11:53

Health: -2/54      AC: 22    Str: 13    XL:     4   Next: 83%
Magic:  5/5        EV:  1    Int: 12    God:
Gold:   157        SH:  0    Dex: 10    Spells: 2/5 levels left

rFire    . . .     SeeInvis .   o - +0 dagger
rCold    . . .     Gourm    .   (no shield)
rNeg     + + +     Faith    .   (armour currently unavailable)
rPois    +         Spirit   .   (helmet currently unavailable)
rElec    .         Reflect  .   (cloak currently unavailable)
rCorr    .         Harm     .   (gloves currently unavailable)
MR       .....     NoTele   +   (no barding)
Stlth    +.........             (no amulet)
HPRegen  0.18/turn              (no ring)
MPRegen  0.09/turn              (no ring)

@: tree-form, berserk cooldown, slowed, very slow
A: large
a: no special abilities


You were on level 6 of the Dungeon.
You were not hungry.
You were a tree.
You visited 1 branch of the dungeon, and saw 5 of its levels.

You collected 157 gold pieces.

Inventory:

Hand Weapons
 a - a +0 shortbow
 h - a +0 short sword
 o - a +0 dagger (weapon)
Missiles
 d - 32 arrows
 g - 16 bolts
 r - 13 poisoned darts (quivered)
Armour
 b - a +0 ring mail (melded)
 c - a +0 robe
 e - a +0 robe
 u - a +2 pair of boots
Jewellery
 m - a +5 amulet of reflection {unknown}
Scrolls
 f - a scroll of fog {unknown}
 i - 5 scrolls of remove curse {unknown}
 l - 3 scrolls of teleportation {unknown}
 p - 2 scrolls of identify {unknown}
Potions
 k - 2 potions of curing
Comestibles
 n - 3 rations


   Skills:
 + Level 2.0 Fighting
 + Level 0.6 Short Blades
 + Level 5.1 Bows
 + Level 0.8 Armour
 + Level 1.5 Dodging
 + Level 1.0 Spellcasting
 + Level 3.0 Hexes


You had 2 spell levels left.
You knew the following spells:

 Your Spells              Type           Power        Failure   Level  Hunger
a - Corona                Hex            #......      9%          1    ##.....
b - Slow                  Hex            #.......     13%         2    ###....

Your spell library contained the following spells:

 Spells                   Type           Power        Failure   Level  Hunger
 Inner Flame              Hex/Fire       #.......     43%         3    ####...
 Portal Projectile        Hex/Tloc       #.....       43%         3    ####...
 Cause Fear               Hex            #.........   65%         4    #####..
 Leda's Liquefaction      Hex/Erth       #.........   85%         4    #####..


Dungeon Overview and Level Annotations

Branches:
Dungeon (7/15)
 Temple: D:4-7

Altars:
Cheibriados
Dithmenos
Fedhas
Ru
Sif Muna
Uskayaw
Yredelemnul
Zin
The Shining One


Innate Abilities, Weirdness & Mutations

((You have hooves in place of feet.))
((Armour fits poorly on your strangely shaped body.))
((You cover ground very quickly.))
((You have extremely tough skin. (AC +3)))


Message History

An ogre is nearby!
You feel a strong urge to attack something.
You are no longer berserk.
You are exhausted.
You feel yourself slow down.
You cannot move.
An ogre is nearby!
Throwing (i - inventory)
r - 14 poisoned darts (quivered)
Press: ? - help, Shift-Dir - straight line, f - ogre
Aim: an ogre, wielding a +0 giant club You throw a poisoned dart.
The poisoned dart hits the ogre.
The ogre is poisoned.
You hit the ogre.
The ogre is lightly wounded.
The ogre hits you with a +0 giant club.
* * * LOW HITPOINT WARNING * * *
You hit the ogre.
The ogre is lightly wounded.
The ogre hits you with a +0 giant club.
You die...

#. ..# #. #.#
#####.####.#
#.......##.##
#...........# ..
#........#..#####.# #.
#........h........# ##.
#.......(#......... ..
#.....♣O.##.###### #.
..........##.# #.
........####.##########.
........# #............
#####.... #########.###
#.### #.# #. #.# #. #.#
#.#


You could see a black bear and an ogre.

Vanquished Creatures
  A bullfrog (D:6)
  An adder (D:3)
  An ooze (D:1)
  2 worms
  2 dart slugs
  2 leopard geckos
  An orc (D:6)
  A ball python (D:2)
  A giant cockroach (D:2)
  3 goblins (D:1)
  5 hobgoblins
  3 jackals (D:1)
  5 bats
  7 frilled lizards
  2 kobolds (D:2)
  A rat (D:1)
38 creatures vanquished.

Notes
Turn   | Place    | Note
-------+----------+-------------------------------------------
     0 | D:1      | drc500free the Centaur Arcane Marksman began the quest for
                  | the Orb.
     0 | D:1      | Reached XP level 1. HP: 16/16 MP: 2/2
   177 | D:1      | Reached skill level 3 in Bows
   236 | D:1      | Reached XP level 2. HP: 23/23 MP: 3/3
   243 | D:1      | Learned a level 2 spell: Slow
  1084 | D:1      | Reached XP level 3. HP: 8/28 MP: 1/4
  1382 | D:2      | Reached skill level 4 in Bows
  1657 | D:2      | Found a snail-covered altar of Cheibriados.
  1658 | D:2      | Found a sacrificial altar of Ru.
  1765 | D:2      | Found a glowing silver altar of Zin.
  1771 | D:2      | Found a basalt altar of Yredelemnul.
  1783 | D:2      | Found a blossoming altar of Fedhas.
  1785 | D:2      | Found a glowing golden altar of the Shining One.
  1785 | D:2      | Found a shimmering blue altar of Sif Muna.
  1785 | D:2      | Found a shadowy altar of Dithmenos.
  1786 | D:2      | Found a hide-covered altar of Uskayaw.
  2366 | D:3      | You fall into a shaft and drop 3 floors!
  2366 | D:6      | Noticed a black bear
  2379 | D:7      | Noticed a phantom
  2438 | D:6      | Noticed a bullfrog
  2441 | D:6      | Noticed an ogre
  2485 | D:6      | HP: 3/64 [bullfrog (2)]
  2486 | D:6      | Killed a bullfrog
  2486 | D:6      | Reached skill level 5 in Bows
  2486 | D:6      | Reached XP level 4. HP: 4/36 MP: 5/5
  2492 | D:6      | Slain by an ogre

Levels and vault maps discovered:
D:1:      dpeg_arrival_tiny_a, layout_loops_ring
D:2:      layout_loops_ring, grunt_temple_overflow_open,
          gammafunk_temple_overflow_statue
D:3:      layout_basic, minmay_fountain_box
D:6:      layout_loops_ring, minmay_temple_entry_mini_moons, nrook_uturn
D:7:      layout_cave_pods, old_standard_altar, basic_altar,
          hellmonk_ghost_happy_afterlife, uniq_maggie, uniq_harold

Skill      XL: |  1  2  3 |
---------------+----------+-----
Bows           | 3 5 |  5.1
Hexes          | 3 |  3.0
Fighting       | 2 |  2.0
Short Blades   | |  0.6
Armour         | |  0.8
Dodging        | |  1.5
Spellcasting   | |  1.0

Action                   |  1- 3 |  4- 6 || total
-------------------------+-------+-------++-------
Melee: Short sword       |    42 |       ||    42
       Kick              |     4 |       ||     4
       Dagger            |    16 |     2 ||    18
 Fire: Shortbow          |   122 |       ||   122
Throw: Dart              |       |     1 ||     1
 Cast: Corona            |     3 |       ||     3
       Slow              |     1 |       ||     1
  Use: Potion            |     6 |       ||     6
  Eat: Ration            |     1 |       ||     1
Armor: Robe              |    16 |       ||    16
       Ring mail         |    21 |       ||    21
       Skin              |     5 |       ||     5
Dodge: Dodged            |    70 |       ||    70

Table legend:
 A = Non-vault XP
 B = Vault XP
 C = Vault XP percentage of total XP
 D = Non-vault monster count
 E = Vault monster count
 F = Vault count percentage of total count
                 A         B        C        D         E       F
            +---------+---------+-------+---------+---------+-------
      Total |     180 |       0 |   0.0 |      38 |       0 |   0.0
            +---------+---------+-------+---------+---------+-------
        D:1 |      43 |       0 |   0.0 |      21 |       0 |   0.0
        D:2 |      20 |       0 |   0.0 |      11 |       0 |   0.0
        D:3 |      24 |       0 |   0.0 |       4 |       0 |   0.0
        D:6 |      93 |       0 |   0.0 |       2 |       0 |   0.0
            +---------+---------+-------+---------+---------+-------
